 Dungeon Crawl Stone Soup version 0.16.2-2-g470672f (webtiles) character file.

156 SquirrelVicious the Skirmisher (level 5, 0/47 HPs)
             Began as a Hill Orc Fighter on Aug 25, 2015.
             Slain by SquirrelVicious' ghost (7 damage)
             ... on level 3 of the Dungeon.
             The game lasted 00:15:59 (1972 turns).

SquirrelVicious the Skirmisher (Hill Orc Fighter)   Turns: 1972, Time: 00:16:00

Health: 0/47       AC: 11    Str: 20    XL:     5   Next: 38%
Magic:  5/5        EV:  4    Int:  8    God:
Gold:   92         SH:  9    Dex: 10    Spells: 0 memorised, 4 levels left

rFire  . . .     SeeInvis .     a - +0 flail
rCold  . . .     Clarity  .     t - +0 plate armour
rNeg   . . .     SustAb   .     c - +0 shield
rPois  .         Gourm    +     (no helmet)
rElec  .         Spirit   .     (no cloak)
rCorr  .         Warding  .     (no gloves)
rMut   .         Stasis   .     (no boots)
MR     .....                    n - amulet of the gourmand
Stlth  ..........               (no ring)
                                (no ring)

@: not resistant to hostile enchantments, extremely unstealthy
A: no striking features
a: no special abilities


You were on level 3 of the Dungeon.
You were not hungry.

You visited 1 branch of the dungeon, and saw 3 of its levels.

You collected 92 gold pieces.

Inventory:

Hand weapons
 a - a +0 flail (weapon)
Armour
 c - a +0 shield (worn)
 t - a +0 plate armour (worn)
Magical staves
 b - an uncursed staff of death {unknown}
Jewellery
 n - an amulet of the gourmand (around neck)
 u - an uncursed amulet of regeneration {unknown}
Scrolls
 g - 3 scrolls of identify {unknown}
 h - a scroll of teleportation {unknown}
 i - a scroll of recharging {unknown}
 j - 2 scrolls of enchant weapon {unknown}
 k - a scroll of magic mapping {unknown}
 o - 2 scrolls of remove curse {unknown}
Potions
 e - a potion of might
 l - a potion of cancellation {unknown}
 m - a potion of magic {unknown}
 p - a potion of flight {unknown}
 q - a potion of mutation {unknown}
 s - a potion of restore abilities
Comestibles
 d - a meat ration
 f - a beef jerky
 r - 2 bread rations


   Skills:
 + Level 4.3 Fighting
 + Level 2.9 Maces & Flails
 + Level 4.2 Armour
 + Level 1.5 Dodging
 + Level 4.3 Shields


You had 4 spell levels left.
You didn't know any spells.

Dungeon Overview and Level Annotations

Branches:
Dungeon (3/15)

Altars:
Ashenzari
Sif Muna
Xom
The Shining One

Annotations:
D:3 SquirrelVicious' ghost, average DDFi


Message History

You hit SquirrelVicious' ghost.
SquirrelVicious' ghost is almost destroyed.
SquirrelVicious' ghost hits you!
* * * LOW HITPOINT WARNING * * *
You hit SquirrelVicious' ghost but do no damage.
SquirrelVicious' ghost is almost destroyed.
SquirrelVicious' ghost hits you.
* * * LOW HITPOINT WARNING * * *
You hit SquirrelVicious' ghost.
SquirrelVicious' ghost is almost destroyed.
SquirrelVicious' ghost hits you.
* * * LOW HITPOINT WARNING * * *
SquirrelVicious' ghost barely misses you.
You barely miss SquirrelVicious' ghost.
SquirrelVicious' ghost is almost destroyed.
SquirrelVicious' ghost hits you but does no damage.
You closely miss SquirrelVicious' ghost.
SquirrelVicious' ghost is almost destroyed.
SquirrelVicious' ghost hits you!
You die...

## ###.#####
........# #####
l.....#.##.......
#......@W....#
##.###.##.####
#.######.# #
#........# .#
#####...###.###
###.........#
#####.......#.#.#
#...............#
#...........#...####


You could see SquirrelVicious' ghost and a giant gecko (wandering).

Vanquished Creatures
  2 orc wizards (D:3)
  Robin (D:2)
  3 adders
  A worm (D:2)
  2 oozes
  3 orcs (D:3)
  8 bats
  2 giant cockroaches
  10 goblins
  10 hobgoblins
  2 jackals (D:3)
  7 kobolds
  A ball python (D:2)
  A giant gecko (D:1)
  3 giant newts
  3 rats (D:1)
59 creatures vanquished.

Notes
Turn   | Place    | Note
--------------------------------------------------------------
     0 | D:1      | SquirrelVicious, the Hill Orc Fighter, began the quest for the Orb.
     0 | D:1      | Reached XP level 1. HP: 19/19 MP: 1/1
   135 | D:1      | Reached XP level 2. HP: 24/27 MP: 2/2
   752 | D:2      | Noticed Robin
   758 | D:2      | Reached XP level 3. HP: 33/33 MP: 3/3
   761 | D:2      | Killed Robin
   776 | D:2      | Reached skill level 1 in Dodging
   801 | D:2      | Reached skill level 4 in Shields
   888 | D:2      | Found a glowing golden altar of the Shining One.
   890 | D:2      | Found a shimmering altar of Xom.
   916 | D:2      | Found a shattered altar of Ashenzari.
   917 | D:2      | Found a deep blue altar of Sif Muna.
  1075 | D:2      | Reached XP level 4. HP: 36/40 MP: 4/4
  1610 | D:3      | Reached XP level 5. HP: 5/46 MP: 5/5
  1946 | D:3      | Noticed SquirrelVicious' ghost (average DDFi)
  1972 | D:3      | Slain by SquirrelVicious' ghost

Action                   |  1- 3 |  4- 6 || total
-------------------------+-------+-------++-------
Melee: Flail             |   150 |   137 ||   287
  Use: Potion            |       |     1 ||     1
  Eat: Chunk             |     2 |     6 ||     8
